 Dungeon Crawl Stone Soup version 0.14.2 (webtiles) character file.

20312 Amnesiac the Fetichist (level 12, 0/63 HPs)
             Began as a Spriggan Artificer on Feb 9, 2018.
             Was the Champion of Nemelex Xobeh.
             Killed themself with a badly aimed orb of electricity (55 damage)
             ... on Level 4 of the Orcish Mines.
             The game lasted 00:45:55 (19187 turns).

Amnesiac the Fetichist (Spriggan Artificer)        Turns: 19187, Time: 00:45:55

HP   0/63        AC  6     Str  8      XL: 12   Next: 28%
MP   0/42        EV 27     Int 15      God: Nemelex Xobeh [******]
Gold 1811        SH  0     Dex 20      Spells:  3 memorised,  2 levels left

rFire  + . .     SeeInvis +     k - legendary deck of destruction {drawn: 9}
rCold  . . .     Clarity  .     o - +2 robe "Pajucoc" {rF+ Int+1}
rNeg   . . .     Conserve +     (shield restricted)
rPois  .         rCorr    +     (helmet restricted)
rElec  .         rRot     .     C - +1 cloak {rCorr, Cons}
SustAb . .       Spirit   +     (gloves unavailable)
rMut   .         Warding  .     (boots unavailable)
Saprov . . .     Stasis   .     r - amulet of guardian spirit
MR     ++...                    M - ring of magical power
                                N - +0,+7 ring of slaying

@: very quick, very resistant to hostile enchantments, extremely stealthy
A: unfitting armour, see invisible, herbivore 3, speed 3, slow metabolism 2
a: Draw One, Peek at Two, Triple Draw, Deal Four, Stack Five, Renounce Religion


You were on level 4 of the Orcish Mines.
You worshipped Nemelex Xobeh.
Nemelex Xobeh was exalted by your worship.
You were not hungry.

You visited 3 branches of the dungeon, and saw 16 of its levels.

You collected 1821 gold pieces.

Inventory:

Hand weapons
 a - the +10,+5 dagger of Frin {stab, +Rage rElec rPois rF++ rC- Dex+3}
   (You found it on level 8 of the Dungeon)

   It inflicts extra damage upon your enemies.
   It affects your dexterity (+3).
   It greatly protects you from fire.
   It makes you vulnerable to cold.
   It insulates you from electricity.
   It protects you from poison.
   It lets you go berserk.
 b - a +6 blowgun
Missiles
 A - 21 poisoned needles
Armour
 o - the +2 robe "Pajucoc" (worn) {rF+ Int+1}
   (You found it on level 9 of the Dungeon)

   It affects your intelligence (+1).
   It protects you from fire.
 C - a +1 cloak of preservation (worn)
Magical devices
 c - a wand of enslavement (10)
 D - a wand of confusion (1)
Comestibles
 s - 4 bread rations
Scrolls
 e - a scroll of recharging {!r}
 h - 3 scrolls of fog {!r}
 i - 2 scrolls of magic mapping {!r}
 j - 5 scrolls of teleportation {!r}
 v - 6 scrolls of remove curse {!r}
 x - 3 scrolls of amnesia {!r}
 E - 3 scrolls of fear {!r}
Jewellery
 r - an amulet of guardian spirit (around neck)
 M - a ring of magical power (right hand)
 N - a +0,+7 ring of slaying (left hand)
Potions
 q - 9 potions of curing {!q}
 w - 2 potions of heal wounds {!q}
Miscellaneous
 d - a legendary deck of summonings {drawn: 1}
 f - an ornate deck of escape {drawn: 1}
 g - an ornate deck of destruction {drawn: 2}
 k - a legendary deck of destruction {drawn: 9} (in hand)
 l - an ornate deck of destruction
 m - a legendary deck of destruction
 n - an ornate deck of destruction
 u - an ornate deck of escape {drawn: 2}
 y - a plain deck of escape {drawn: 1}
 F - an ornate deck of summonings


   Skills:
 - Level 7.0 Fighting
 - Level 10.0 Short Blades
 - Level 10.0 Dodging
 - Level 10.0 Stealth
 + Level 18.0 Evocations


You had 2 spell levels left.
You knew the following spells:

 Your Spells              Type           Power        Failure   Level  Hunger
a - Corpse Rot            Necr           N/A          38%         2    ###....
b - Sublimation of Blood  Necr           #.........   38%         2    ###....
c - Dispel Undead         Necr           #.......     100%        5    ######.


Dungeon Overview and Level Annotations

Branches:
Dungeon (11/15)            Temple (1/1) D:5             Orc (4/4) D:11
    Elf (0/3) Orc:3          Lair (0/8) D:11

Altars:
Ashenzari
Cheibriados
Dithmenos
Elyvilon
Fedhas
Kikubaaqudgha
Makhleb
Nemelex Xobeh
Okawaru
Sif Muna
Trog
Vehumet
Xom
Yredelemnul
Zin
The Shining One

Annotations:
Orc:4 1 exclusion


Innate Abilities, Weirdness & Mutations

You are tiny and cannot use many weapons and most armour.
You have supernaturally acute eyesight.
You are a herbivore.
You cover ground extremely quickly.
You need consume almost no food.


Message History

You kill the orc!
You draw a card...
It is Vitriol.
You have drawn Vitriol.
Press: ? - help, Shift-Dir - straight line, f/p - Saint Roka
Aim: Saint Roka, wielding a runed great sword and wearing a glowing plate armour (hasn't noticed you)
The acid hits Saint Roka.
The acid corrodes Saint Roka's glowing plate armour!
Saint Roka is lightly wounded.
Saint Roka invokes the aid of Beogh against you.
Something smites you!
The orc priest shouts!
The orc warrior shouts!
Saint Roka roars a battle-cry!
The orc warrior goes into a battle-frenzy!
You draw a card...
It is the Hammer.
You have drawn the Hammer.
Press: ? - help, Shift-Dir - straight line, f/p - Saint Roka
Aim: Saint Roka, wielding a runed great sword and wearing a glowing plate armour (lightly wounded)
The crystal spear hits Saint Roka.
Saint Roka is heavily wounded.
Nemelex Xobeh grants you a gift! Something appears at your feet!
You draw a card...
It is the Hammer.
You have drawn the Hammer.
Press: ? - help, Shift-Dir - straight line, f/p - Saint Roka
Aim: Saint Roka, wielding a runed great sword and wearing a glowing plate armour (heavily wounded)
The crystal spear hits Saint Roka.
Saint Roka is almost dead.
You draw a card...
It is Vitriol.
You have drawn Vitriol.
Press: ? - help, Shift-Dir - straight line, f/p - Saint Roka
Aim: Saint Roka, wielding a runed great sword and wearing a glowing plate armour (almost dead)
The acid hits the orc warrior.
The orc warrior is almost dead.
You draw a card...
It is Frost.
You have drawn Frost.
Press: ? - help, Shift-Dir - straight line, f/p - Saint Roka
Aim: Saint Roka, wielding a runed great sword and wearing a glowing plate armour (almost dead)
The bolt of cold misses Saint Roka.
You draw a card...
It is Venom.
You have drawn Venom.
Press: ? - help, Shift-Dir - straight line, f/p - Saint Roka
Aim: Saint Roka, wielding a runed great sword and wearing a glowing plate armour (almost dead)
The poison arrow hits Saint Roka.
Saint Roka is poisoned.
You kill Saint Roka!
Your Evocations skill gained 2 levels and is now at level 18!
You have reached level 12!
Your experience leads to an increase in your attributes!
Increase (S)trength, (I)ntelligence, or (D)exterity?
You feel stronger.
The orc priest calls upon Beogh to heal the orc warrior.
The orc warrior is healed somewhat.
You draw a card...
It is the Spark.
You have drawn the Spark.
Press: ? - help, Shift-Dir - straight line, f - orc warrior
Aim: an orc warrior, wielding a flail and wearing a chain mail (severely wounded, consumed by blood-lust)
The orb of electricity explodes!
The orb of electricity engulfs the orc warrior.
You kill the orc warrior!
The orb of electricity engulfs the orc warrior.
The orc warrior is severely wounded.
The orb of electricity engulfs you!
Ouch! That really hurt!
You die...
Your body glows with a rainbow of weird colours and disappears.

####### ###....##
#o....# #.o...#
#.o...# . #o....#
.###....##
..##.)...#
#.##.....#
#.##.@...#
#.##.....#
..#####.##....##
................#
..#####.##.....#
#.##.....#
#.##....##
##.##....## #
#..##.....#


You could see an orc warrior (frenzied), an orc priest (frenzied) and 2 orcs.

Vanquished Creatures
  Saint Roka (Orc:4)
  An orc warlord (Orc:3)
  Josephine (D:10)
  The ghost of Amnesiac the Prestidigitator, an experienced SpAr of Nemelex Xobeh (D:9)
  An unseen horror (D:10)
  Erolcha (D:9)
  A wolf spider zombie (D:11)
  A hill giant (D:7)
  An item mimic (D:9)
  A manticore (D:11)
  3 centaurs
  The ghost of Amnesiac the Ducker, an average SpAr (D:4)
  A boulder beetle (Orc:2)
  A troll (Orc:3)
  2 deep elf magi (D:11)
  A hungry ghost (D:9)
  A hill giant zombie (D:8)
  3 ugly things (D:11)
  2 wargs (D:11)
  2 necrophages
  17 orc warriors
  A two-headed ogre (D:10)
  An ice beast (D:11)
  7 ogres
  A giant goldfish (D:9)
  5 phantoms
  2 sky beasts
  A crocodile (D:11)
  2 lava worms (D:11)
  A giant slug (D:7)
  4 giant frogs
  An eye of draining (D:10)
  5 scorpions
  A cyclops skeleton (D:10)
  3 killer bees (D:10)
  8 wights
  2 goliath beetles (D:7)
  2 crimson imps
  A spriggan skeleton (D:9)
  18 orc priests
  4 jellies
  Crazy Yiuf (D:6)
  2 centaur skeletons
  An elf zombie (D:10)
  2 quasits
  6 hounds
  15 orc wizards
  A basilisk skeleton (D:9)
  4 iguanas
  Natasha (twice) (D:4)
  5 worker ants
  An ogre zombie (D:7)
  11 adders
  3 giant mites (D:10)
  An orc skeleton (D:9)
  An inept feature mimic (D:6)
  2 shadow imps (D:9)
  5 worms
  3 giant eyeballs
  112 orcs
  2 ball pythons
  7 giant cockroaches
  23 hobgoblins
  4 quokkas
  14 bats
  4 giant geckos
  A giant gecko skeleton (D:5)
  10 giant newts
  A giant spore (D:8)
  13 goblins
  A hobgoblin zombie (D:8)
  17 jackals
  19 kobolds
  An orc simulacrum (D:10)
  12 rats
  2 ballistomycetes (D:8)
423 creatures vanquished.

Vanquished Creatures (collateral kills)
  A red wasp (Orc:1)
  Joseph (Orc:1)
  A cyclops (D:9)
  A two-headed ogre (D:9)
  2 ugly things (D:9)
  A soldier ant (D:9)
  An orc warrior (Orc:1)
  2 ogres
  An insubstantial wisp (D:9)
  A cyclops skeleton (D:9)
  2 wights (D:9)
  2 giant frog zombies
  A hound (D:9)
  A crimson imp (D:5)
  A quasit (D:7)
  2 orc priests
  2 orc wizards (Orc:1)
  A mummy (D:7)
  3 orcs (Orc:1)
  Natasha (D:4)
  A goblin (Orc:1)
  A rat (D:5)
  A butterfly (D:9)
31 creatures vanquished.

Vanquished Creatures (others)
  An ugly thing (D:9)
  A sheep (D:9)
  An ufetubus (D:4)
  A hobgoblin skeleton (D:4)
  2 butterflies (D:9)
6 creatures vanquished.

Grand Total: 460 creatures vanquished

Notes
Turn   | Place    | Note
--------------------------------------------------------------
     0 | D:1      | Amnesiac, the Spriggan Artificer, began the quest for the Orb.
     0 | D:1      | Reached XP level 1. HP: 9/9 MP: 2/2
   113 | D:1      | Reached skill level 1 in Fighting
   319 | D:1      | Reached XP level 2. HP: 1/14 MP: 5/5
  1152 | D:1      | Reached XP level 3. HP: 15/18 MP: 8/8
  2604 | D:3      | Noticed a scorpion
  2609 | D:3      | Killed a scorpion
  2609 | D:3      | Reached XP level 4. HP: 22/22 MP: 10/10
  2745 | D:3      | Reached XP level 5. HP: 25/25 MP: 13/13
  3319 | D:4      | Reached skill level 5 in Short Blades
  3393 | D:4      | Noticed Amnesiac's ghost (average SpAr)
  3940 | D:4      | Killed Amnesiac's ghost
  3940 | D:4      | Reached skill level 7 in Stealth
  3940 | D:4      | Reached XP level 6. HP: 8/30 MP: 16/16
  4187 | D:4      | Noticed a phantom
  4205 | D:4      | Killed a phantom
  4205 | D:4      | Reached skill level 8 in Stealth
  4295 | D:4      | Found a shadowy altar of Dithmenos.
  4328 | D:4      | Noticed an ogre
  4611 | D:4      | Noticed Natasha
  4618 | D:4      | Killed Natasha
  4618 | D:4      | Reached skill level 9 in Stealth
  4618 | D:4      | Reached XP level 7. HP: 33/33 MP: 18/18
  4721 | D:4      | Killed an ogre
  5003 | D:5      | Entered Level 5 of the Dungeon
  5056 | D:5      | Found a staircase to the Ecumenical Temple.
  5076 | Temple   | Entered the Ecumenical Temple
  5105 | Temple   | Became a worshipper of Nemelex Xobeh the Trickster
  5195 | D:4      | Reached skill level 10 in Stealth
  5259 | D:1      | Received a gift from Nemelex Xobeh
  5904 | D:3      | Acquired Nemelex Xobeh's first power
  6096 | D:4      | Noticed Natasha
  6101 | D:4      | Killed Natasha
  6166 | D:4      | Noticed Natasha
  6168 | D:4      | Received a gift from Nemelex Xobeh
  6184 | D:4      | Killed Natasha
  6708 | D:4      | Found a shadowy altar of Dithmenos.
  6957 | D:5      | Learned a level 2 spell: Corpse Rot
  6960 | D:5      | Learned a level 2 spell: Sublimation of Blood
  6994 | D:5      | Acquired Nemelex Xobeh's second power
  7790 | D:5      | Reached skill level 5 in Evocations
  8086 | D:6      | Found a staircase to the Ecumenical Temple.
  8093 | D:6      | the staircase to the Ecumenical Temple was a mimic.
  8202 | D:6      | Reached XP level 8. HP: 26/37 MP: 22/22
  8413 | D:6      | Reached skill level 5 in Dodging
  9251 | D:6      | Acquired Nemelex Xobeh's third power
  9374 | D:6      | Noticed Crazy Yiuf
  9378 | D:6      | Killed Crazy Yiuf
  9618 | D:6      | Found a shadowy altar of Dithmenos.
  9622 | D:6      | Found a deep blue altar of Sif Muna.
  9625 | D:6      | Found a glowing golden altar of the Shining One.
  9797 | D:7      | Received a gift from Nemelex Xobeh
 10250 | D:7      | Reached XP level 9. HP: 35/41 MP: 24/24
 10470 | D:7      | Reached skill level 10 in Dodging
 10615 | D:7      | Acquired Nemelex Xobeh's fourth power
 10752 | D:7      | Found a snail-covered altar of Cheibriados.
 10811 | D:7      | Noticed a hill giant
 10853 | D:7      | Killed a hill giant
 10853 | D:7      | Reached skill level 10 in Evocations
 11048 | D:8      | Got a crude dagger
 11169 | D:8      | Received a gift from Nemelex Xobeh
 11174 | D:8      | Identified the +10,+5 dagger of Frin {stab, +Rage rElec rPois rF++ rC- Dex+3} (You found it on level 8 of the Dungeon)
 11373 | D:8      | Found a blossoming altar of Fedhas.
 11551 | D:9      | Noticed a cyclops
 11789 | D:9      | Noticed a vapour
 12037 | D:9      | Noticed Amnesiac's ghost (experienced SpAr)
 12047 | D:9      | Killed Amnesiac's ghost
 12047 | D:9      | Reached skill level 5 in Fighting
 12047 | D:9      | Reached XP level 10. HP: 36/53 MP: 27/27
 12287 | D:9      | Acquired Nemelex Xobeh's fifth power
 12293 | D:9      | Received a gift from Nemelex Xobeh
 12408 | D:9      | Received a gift from Nemelex Xobeh
 12517 | D:9      | Learned a level 5 spell: Dispel Undead
 12625 | D:9      | Noticed Erolcha
 12640 | D:9      | Killed Erolcha
 12648 | D:9      | Got a slimy robe
 12648 | D:9      | Killed a cyclops
 12661 | D:9      | Received a gift from Nemelex Xobeh
 13274 | D:9      | Identified the +2 robe "Pajucoc" {rF+ Int+1} (You found it on level 9 of the Dungeon)
 13396 | D:10     | Entered Level 10 of the Dungeon
 13781 | D:10     | Identified a +1 cloak of preservation (You found it on level 10 of the Dungeon)
 13819 | D:10     | Noticed Josephine
 13824 | D:10     | Killed Josephine
 13830 | D:10     | Reached skill level 10 in Short Blades
 14289 | D:10     | Received a gift from Nemelex Xobeh
 14353 | D:10     | Reached XP level 11. HP: 54/58 MP: 28/28
 14543 | D:11     | Reached skill level 11 in Evocations
 14546 | D:11     | Found a staircase to the Orcish Mines.
 14626 | D:10     | Noticed an unseen horror
 14638 | D:10     | Killed an unseen horror
 14720 | D:11     | Reached skill level 12 in Evocations
 14976 | D:11     | Found a staircase to the Lair.
 14989 | D:11     | Reached skill level 13 in Evocations
 15312 | D:11     | Found a shimmering altar of Xom.
 15442 | D:11     | Found a shimmering altar of Xom.
 15442 | D:11     | Found a shimmering altar of Xom.
 15443 | D:11     | Found a shimmering altar of Xom.
 15471 | D:11     | Received a gift from Nemelex Xobeh
 15739 | Orc:1    | Entered Level 1 of the Orcish Mines
 15972 | Orc:1    | Noticed Joseph
 15981 | Orc:1    | Killed Joseph
 15981 | Orc:1    | Reached skill level 14 in Evocations
 16037 | Orc:1    | Received a gift from Nemelex Xobeh
 16427 | Orc:2    | Received a gift from Nemelex Xobeh
 16713 | Orc:1    | Received a gift from Nemelex Xobeh
 17136 | Orc:3    | Found a staircase to the Elven Halls.
 17399 | Orc:3    | Noticed an orc warlord
 17406 | Orc:3    | Reached skill level 15 in Evocations
 17808 | Orc:3    | Killed an orc warlord
 17840 | Orc:3    | Received a gift from Nemelex Xobeh
 17969 | Orc:3    | Reached skill level 16 in Evocations
 18609 | Orc:4    | Entered Level 4 of the Orcish Mines
 18635 | Orc:4    | Noticed Saint Roka
 18712 | Orc:4    | Received a gift from Nemelex Xobeh
 19182 | Orc:4    | Received a gift from Nemelex Xobeh
 19186 | Orc:4    | Killed Saint Roka
 19186 | Orc:4    | Reached skill level 18 in Evocations
 19186 | Orc:4    | Reached XP level 12. HP: 55/63 MP: 33/33
 19187 | Orc:4    | Killed themself with a badly aimed orb of electricity

Action                   |  1- 3 |  4- 6 |  7- 9 | 10-12 || total
-------------------------+-------+-------+-------+-------++-------
Melee: Short sword       |   132 |    93 |   320 |       ||   545
       Blowgun           |       |       |     1 |       ||     1
       Dagger            |       |       |    60 |   537 ||   597
 Fire: Blowgun           |       |       |    24 |    29 ||    53
Throw: Dart              |       |       |     3 |       ||     3
Invok: Draw One          |       |       |     1 |       ||     1
Evoke: Wand              |       |    16 |    32 |    18 ||    66
       Deck              |       |       |    14 |    39 ||    53
  Use: Potion            |     1 |       |       |       ||     1
       Scroll            |       |       |    22 |    10 ||    32
 Stab: Sleeping          |     4 |     8 |    29 |    41 ||    82
       Paralysed         |       |     1 |       |       ||     1
       Distracted        |       |       |     4 |     4 ||     8
       Held in net/web   |       |       |       |     1 ||     1
       Confused          |       |       |       |     3 ||     3
